 Dungeon Crawl Stone Soup version 0.30-a0-368-g86fb4627a9 (webtiles) character file.

Game seed: 3569168386076331148

67 lunkers the Cutter (level 3, 0/25 (29) HPs)
             Began as an Armataur Reaver on Nov 19, 2022.
             Was a Believer of Hepliaklqana.
             Killed by nerve-wracking pain
             ... invoked by Grinder
              (8 damage)
             ... while paralysed by Grinder
             ... on level 3 of the Dungeon.
             The game lasted 00:03:43 (1335 turns).

lunkers the Cutter (Armataur Reaver)                Turns: 1335, Time: 00:03:43

HP:   0/25 (29)     AC:  6    Str: 19    XL:     3   Next: 98%
MP:   5/5           EV:  1    Int: 13    God:    Hepliaklqana [**....]
Gold: 114           SH:  0    Dex:  8    Spells: 4/5 levels left

rFire   + . .      SeeInvis .    a - +1 short sword
rCold   . . .      Faith    .    l - orb {light}
rNeg    . . .      Spirit   .    b - +0 leather armour
rPois   .          Reflect  .    g - +2 hat
rElec   .          Harm     .    (no cloak)
rCorr   .          Roll     +    (no gloves)
Will    .....                    (no barding)
Stlth   +.........               (no amulet)
HPRegen 0.24/turn                d - ring of protection from fire
MPRegen 0.09/turn                p - +4 ring of evasion

@: paralysed, glowing, heavily drained
A: reduced essence, large, rugged brown scales 3, deformed body, armoured tail,
roll, long tongue, awkward tongue
a: Renounce Religion, Recall Ancestor, Ancestor Identity


You were on level 3 of the Dungeon.
You worshipped Hepliaklqana.
Hepliaklqana was pleased with you.
You visited 1 branch of the dungeon, and saw 4 of its levels.

You collected 114 gold pieces.

Inventory:

Hand Weapons
 a - a +1 short sword (weapon)
Armour
 b - a +0 leather armour (worn)
 g - a +2 hat (worn)
 l - an orb of light (worn)
Jewellery
 d - a ring of protection from fire (left hand)
 p - a +4 ring of evasion (right hand)
Wands
 n - a wand of light (5)
Scrolls
 c - a scroll of teleportation {unknown}
 f - a scroll of enchant weapon
 h - a scroll of immolation {unknown}
 k - a scroll of identify {unknown}
Potions
 e - 2 potions of heal wounds {unknown}
 i - 2 potions of lignification {unknown}
 j - 2 potions of brilliance {unknown}
 m - a potion of degeneration {unknown}
 o - a potion of berserk rage {unknown}
 q - a potion of curing


   Skills:
 - Level 2.5 Fighting
 + Level 4.0 Short Blades
 - Level 1.3 Dodging
 - Level 1.7 Spellcasting
 - Level 2.6 Conjurations


You had 4 spell levels left.
You knew the following spells:

 Your Spells              Type           Power      Damage    Failure   Level
p - Kiss of Death         Conj/Necr      16%        2d6       19%         1

Your spell library contained the following spells:

 Spells                   Type           Power      Damage    Failure   Level
 Momentum Strike          Conj/Tloc      8%         3d8       26%         2
 Hailstorm                Conj/Ice       4%         3d4       47%         3


Dungeon Overview and Level Annotations

Branches:
Dungeon (4/15)
 Temple: D:4-7

Altars:
Hepliaklqana

Annotations:
D:3 Grinder


Innate Abilities, Weirdness & Mutations

Your life essence is reduced to manifest your ancestor. (-10% HP)
You are completely covered in rugged brown scales. (AC +3, +7% HP)
Armour fits poorly on your strangely shaped body.
You have a long armoured tail.
You roll when moving toward enemies. (Rampage)
Your long tongue fully drains potion bottles. (2x potion effects)
Your tongue gives you trouble enunciating. (1.5x scroll delay)


Message History

Grinder appears confused.
You hit the giant cockroach.
The giant cockroach is almost dead.
The giant cockroach closely misses you.
You hit the giant cockroach.
You kill the giant cockroach!
Grinder barely misses Belessunu.
Belessunu hits Grinder with a +0 dagger of draining.
Belessunu hits Grinder with a +0 dagger of draining.
Grinder drinks a potion.
Grinder is healed!
Grinder seems less confused.
Belessunu points at Grinder and mumbles some strange words.
Grinder easily resists.
Grinder hits Belessunu but does no damage.
Belessunu completely misses Grinder.
Belessunu closely misses Grinder.
Grinder hits Belessunu but does no damage.
Belessunu points at Grinder and mumbles some strange words.
Grinder seems to slow down.
Belessunu points at Grinder and mumbles some strange words.
Grinder seems to slow down.
Grinder hits Belessunu!
Belessunu is destroyed!
You hit Grinder. You tail-slap Grinder!
Grinder is heavily wounded.
Grinder hits you!
You writhe in agony.
* * * LOW HITPOINT WARNING * * *
Aiming: Bolt of Light
Press: ? - help, Shift-Dir - straight line, f - Grinder
Aim: Grinder (heavily wounded, slow, haloed, 78% to hit)
The bolt of light hits Grinder!
Grinder is severely wounded.
Grinder is blinded.
You hit Grinder but do no damage.
Grinder is severely wounded.
Grinder gestures at you.
You suddenly lose the ability to move!
Grinder hits you.
* * * LOW HITPOINT WARNING * * *
Grinder gestures at you. Pain shoots through your body!
You die...

#. #.# #.# #.# #.# #
#.############.##.#.
#........5@..†......
#...#############...
#######.#.######
#......>........
#.#####.#.######
#.#.# #.#.# ..#..
#####


You could see Grinder (blind, slow).

Vanquished Creatures
  Terence (D:2)
  A dart slug (D:2)
  5 ball pythons (D:1)
  An endoplasm (D:1)
  3 giant cockroaches
  3 goblins (D:1)
  5 hobgoblins (D:1)
  3 kobolds
  A quokka (D:4)
  A bat (D:2)
  3 frilled lizards
  2 rats
29 creatures vanquished.

Vanquished Creatures (collateral kills)
  A dart slug (D:1)
  2 giant cockroaches (D:2)
  A hobgoblin (D:4)
  A quokka (D:2)
5 creatures vanquished.

Vanquished Creatures (others)
  2 hexers
2 creatures vanquished.

Grand Total: 36 creatures vanquished

Notes
Turn   | Place    | Note
-------+----------+-------------------------------------------
     0 | D:1      | lunkers the Armataur Reaver began the quest for the Orb.
     0 | D:1      | Reached XP level 1. HP: 18/18 MP: 3/3
    31 | D:1      | Found a faded altar of an unknown god.
    42 | D:1      | Prayed at the altar of an unknown god.
    42 | D:1      | Became a worshipper of Hepliaklqana the Forgotten
    42 | D:1      | Reached * piety under Hepliaklqana
    98 | D:1      | Reached skill level 3 in Short Blades
   186 | D:1      | Reached XP level 2. HP: 23/23 MP: 4/4
   779 | D:1      | Reached ** piety under Hepliaklqana
   925 | D:1      | Remembered your ancestor Belessunu as a hexer
  1002 | D:2      | Reached XP level 3. HP: 28/28 MP: 5/5
  1148 | D:2      | Reached skill level 4 in Short Blades
  1177 | D:2      | Noticed Terence
  1189 | D:2      | Killed Terence
  1228 | D:2      | You fall into a shaft and drop 2 floors!
  1309 | D:3      | Noticed Grinder
  1332 | D:3      | Paralysed by Grinder for 3 turns
  1335 | D:3      | Killed from afar by Grinder

Illustrated notes

Levels and vault maps discovered:
D:1:      eino_arrival_tree_alley, layout_loops_corners,
          ebering_ecumenical_altar_box
D:2:      layout_basic, uniq_terence
D:3:      layout_basic, serial_shops, shop, shop_fountains,
          nicolae_shop_window_shopping, uniq_grinder
D:4:      layout_basic

Skill      XL: |  1  2  3 |
---------------+----------+-----
Short Blades   | 3 4 |  4.0
Fighting       | 2 |  2.5
Dodging        | |  1.3
Spellcasting   | |  1.7
Conjurations   | |  2.6

Action                   || total
-------------------------++-------
Melee: Short sword       ||   121
       Tailslap          ||    21
       Punch             ||     1
 Cast: Kiss of Death     ||     2
Invok: Ancestor Life: He ||     1
Evoke: Wand              ||     1
  Use: Scroll            ||     1
Armor: Leather armour    ||    41
Dodge: Dodged            ||    40

Table legend: (Time is in decaauts)
 A = Elapsed time spent in this place.
 B = Non-inter-level travel time spent in this place.
 C = Inter-level travel time spent in this place.
 D = Time resting spent in this place.
 E = Time spent auto-exploring this place.
 F = Levels seen in this place.
 G = Mean time per level.
                   A        B        C        D        E       F      G
               +--------+--------+--------+--------+--------+-----+--------+
         Total |   1313 |   1234 |     79 |      0 |    985 |   4 |  328.2 |
       Dungeon |   1313 |   1234 |     79 |      0 |    985 |   4 |  328.2 |
               +--------+--------+--------+--------+--------+-----+--------+

Top non-repeatable levels by time:
     D:1: 966 daAuts
     D:2: 242 daAuts
     D:4: 66 daAuts
     D:3: 37 daAuts
